 Dungeon Crawl Stone Soup version 0.25.1-2-g60ff931df9 (webtiles) character file.

Game seed: 18341151840435497178

30 BrickInstitution the Skirmisher (level 3, 0/40 HPs)
             Began as an Ogre Fighter on Aug 23, 2020.
             Slain by an adder (4 damage)
             ... on level 2 of the Dungeon.
             The game lasted 00:37:36 (1437 turns).

BrickInstitution the Skirmisher (Ogre Fighter)      Turns: 1437, Time: 00:37:36

Health: 0/40       AC:  3    Str: 21    XL:     3   Next: 18%
Magic:  3/3        EV:  8    Int:  9    God:
Gold:   30         SH:  8    Dex:  8    Spells: 2/2 levels left

rFire    . . .     SeeInvis .   a - +0 war axe
rCold    . . .     Gourm    .   c - +0 kite shield
rNeg     . . .     Faith    .   b - +0 robe
rPois    .         Spirit   .   (helmet restricted)
rElec    .         Reflect  .   (no cloak)
rCorr    .         Harm     .   (gloves unavailable)
MR       .....                  (boots unavailable)
Stlth    +.........             r - amulet of magic regeneration
HPRegen  0.13/turn              (no ring)
MPRegen  0.33/turn              (no ring)

@: mighty, lethally poisoned (0 -> -6)
A: large, unfitting armour, tough skin 1
a: no special abilities


You were on level 2 of the Dungeon.
You were full.

You visited 1 branch of the dungeon, and saw 2 of its levels.

You collected 30 gold pieces.

Inventory:

Hand Weapons
 a - a +0 war axe (weapon)
 e - a +0 club
Missiles
 f - 15 arrows
 g - 19 bolts
 j - 39 stones (quivered)
 m - 18 poisoned darts
 p - 27 sling bullets
Armour
 b - a +0 robe (worn)
 c - a +0 kite shield (worn)
 i - a +0 robe
 l - a +0 chain mail
 n - a cursed +0 leather armour
 o - a +0 robe
 q - a +0 ring mail
Jewellery
 r - an amulet of magic regeneration (around neck)
Scrolls
 h - 3 scrolls of remove curse
Potions
 d - a potion of haste


   Skills:
 + Level 4.4 Fighting
 * Level 2.4 Axes
 + Level 3.0 Dodging
 + Level 3.0 Shields


You had 2 spell levels left.
You didn't know any spells.
Your spell library was empty.

Dungeon Overview and Level Annotations

Branches:
Dungeon (2/15)

Altars:

Annotations:
D:1 exclusion: door


Innate Abilities, Weirdness & Mutations

You are too large for most types of armour.
You have tough skin. (AC +1)


Message History

a +0 robe; 3 chunks of flesh; a goblin skeleton The adder bites you.
* * * LOW HITPOINT WARNING * * *
You are poisoned.
The adder poisons you!
Things that are here:
a +0 robe; 3 chunks of flesh; a goblin skeleton You miss the adder.
You feel sick. The adder bites you.
* * * LOW HITPOINT WARNING * * *
You block the adder's attack.
You closely miss the adder. The adder bites you.
* * * LOW HITPOINT WARNING * * *
The adder bites you.
* * * LOW HITPOINT WARNING * * *
You are lethally poisoned!
The adder poisons you!
You closely miss the adder.
* * * LOW HITPOINT WARNING * * *
You feel sick. You block the adder's attack. The adder bites you.
You die...

#.. ##......... #.# ###
#.......... #.# #.. #.........(
#.# #.# #####.......... #.# #.#
#...'........# ####.#######.#
###.#.'.......$##
.............###..†).#..........
####.######.....S((###.........(
#.# ##.###@### #.^........
####.## #.# #.# ##.........
......# #.# #.## ###.......$
####..# #.##.#.####.##.......
#...######...###.....# #......
#...........#.#.###### #.....
#...#######.##.## ###++ ###.#
### #.#### #.###.###>###


You could see an adder.

Vanquished Creatures
  An adder (D:2)
  An ooze (D:1)
  A leopard gecko (D:1)
  2 giant cockroaches
  3 goblins
  2 hobgoblins
  2 quokkas (D:2)
  A frilled lizard (D:2)
  9 plants (D:1)
22 creatures vanquished.

Notes
Turn   | Place    | Note
-------+----------+-------------------------------------------
     0 | D:1      | BrickInstitution the Ogre Fighter began the quest for the
                  | Orb.
     0 | D:1      | Reached XP level 1. HP: 24/24 MP: 1/1
   203 | D:1      | Reached XP level 2. HP: 7/32 MP: 2/2
  1402 | D:2      | Reached XP level 3. HP: 36/40 MP: 3/3
  1437 | D:2      | Slain by an adder

Illustrated notes

Levels and vault maps discovered:
D:1:      roderic_crop_circles_arrival_small, layout_basic
D:2:      kennysheep_big_flooded_room, layout_loops_ring,
          overflow_temple_1_default, kennysheep_slug_shrine, first_ration,
          fedhas_altar_1, uniq_crazy_yiuf_cottage

Skill      XL: |  1  2 |
---------------+-------+-----
Dodging        | 3 |  3.0
Shields        | 3 |  3.0
Fighting       | |  4.4
Axes           | |  2.4

Action                   || total
-------------------------++-------
Melee: War axe           ||   151
       Club              ||    15
Throw: Throwing net      ||     4
  Use: Scroll            ||     3
       Potion            ||     4
  Eat: Ration            ||     2
Armor: Robe              ||    20
Dodge: Dodged            ||    27
Block: Kite shield       ||    45
